 Dungeon Crawl Stone Soup version 0.28.0-1-gb440e238dd (webtiles) character file.

Game seed: 6880045006208148707

211 issech the Cudgeller (level 5, -4/53 HPs)
             Began as a Troll Monk on Feb 25, 2022.
             Killed by divine providence
             ... invoked by an orc priest
              (12 damage)
             ... on level 4 of the Dungeon.
             The game lasted 00:09:15 (2349 turns).

issech the Cudgeller (Troll Monk)                   Turns: 2349, Time: 00:09:16

Health: -4/53      AC:  5    Str: 19    XL:     5   Next: 57%
Magic:  4/4        EV: 11    Int:  6    God:
Gold:   137        SH:  0    Dex: 14    Spells: 4/4 levels left

rFire   . . .      SeeInvis +   a - +0 mace
rCold   . . .      Faith    .   (no shield)
rNeg    . . .      Spirit   .   b - +0 robe
rPois   +          Reflect  .   (helmet restricted)
rElec   .          Harm     .   l - +0 cloak
rCorr   .          Rampage  .   (gloves unavailable)
Will    .....                   (boots unavailable)
Stlth   ++........              (no amulet)
HPRegen 0.97/turn               k - ring of poison resistance
MPRegen 0.09/turn               r - ring of see invisible

@: no status effects
A: large, unfitting armour, claws 3, regeneration 1, shaggy fur 1, tough skin 1
a: no special abilities


You were on level 4 of the Dungeon.
You visited 1 branch of the dungeon, and saw 4 of its levels.

You collected 137 gold pieces.

Inventory:

Hand Weapons
 a - a +0 mace (weapon)
 q - the +9 dagger of True Grit {elec, rPois Int+4}
   (You found it on level 4 of the Dungeon)

   It occasionally discharges a powerful burst of electricity upon striking a
   foe.
   Int:       It affects your intelligence (+4).
   rPois:     It protects you from poison.
Missiles
 g - 18 stones
 i - 9 large rocks (quivered)
 j - 40 sling bullets
 n - 20 bolts
 p - 2 throwing nets
Armour
 b - a +0 robe (worn)
 l - a +0 cloak (worn)
Jewellery
 k - a ring of poison resistance (left claw)
 m - a ring of poison resistance
 o - a ring of poison resistance
 r - a ring of see invisible (right claw)
Scrolls
 c - 2 scrolls of noise {unknown}
 d - 4 scrolls of identify {unknown}
 e - 2 scrolls of fear {unknown}
Potions
 f - 2 potions of brilliance {unknown}
 h - a potion of mutation {unknown}
 s - a potion of heal wounds {unknown}


   Skills:
 + Level 3.1 Fighting
 + Level 4.3 Maces & Flails
 + Level 3.3 Dodging
 + Level 1.4 Stealth


You had 4 spell levels left.
You didn't know any spells.
Your spell library was empty.

Dungeon Overview and Level Annotations

Branches:
Dungeon (4/15)
 Temple: D:4-7

Altars:

Shops:
D:2 ((


Innate Abilities, Weirdness & Mutations

You are too large for most types of armour.
You have claws for hands.
Your natural rate of healing is unusually fast.
You are covered in fur. (AC +1)
You have tough skin. (AC +1)


Message History

Okay, then.
The +9 dagger of True Grit {elec, rPois Int+4} stops crackling.
a - a +0 mace (weapon)
You now have 107 gold pieces (gained 13).
You now have 112 gold pieces (gained 5).
You now have 127 gold pieces (gained 15).
Found a smoky brown potion.
Found a tubular peridot ring.
r - a ring of see invisible You remove your ring of poison resistance.
r - a ring of see invisible (right claw)
s - a smoky brown potion
Found 10 gold pieces.
An orc comes into view. It is wielding a +0 flail.
You now have 137 gold pieces (gained 10).
An orc and an orc priest come into view.
An orc priest comes into view. It is wielding a +0 club.
Found a stone staircase leading down.
The orc priest shouts!
The orc priest calls down the wrath of Beogh upon you.
Beogh smites you!
The orc shouts!
Found 3 boomerangs.
The orc priest invokes the aid of Beogh against you.
Beogh smites you! The orc hits you but does no damage.
You hit the orc.
The orc is severely wounded.
The orc priest hits you with a +0 club. The orc hits you with a +0 flail.
The orc barely misses you.
The orc priest hits you but does no damage.
The orc hits you with a +0 flail.
The orc priest mumbles some strange prayers to Beogh against you.
Beogh smites you!
* * * LOW HITPOINT WARNING * * *
The orc priest hits you with a +0 club.
* * * LOW HITPOINT WARNING * * *
The orc priest mumbles some strange prayers to Beogh against you.
Beogh smites you!
You die...

#.##.. # .....
..####.# .# #.#.#
#.#... ..##.#..#
#...### ....##.###
#.....#
#..##...#########
...##..##
#.....o.........
#.## ...#
#..###oo.o......
#.# #..#
#.....######.>(.
..## #..##...@.# .
#..##### #........#
##.....#####......#
#####............#
########.^.....#
.......#...
###..........
#..#######. #..#


You could see an orc priest and 2 orcs.

Vanquished Creatures
  An ice beast (D:3)
  4 adders
  2 worms
  3 dart slugs
  4 endoplasms
  2 giant cockroaches
  6 goblins
  8 hobgoblins
  6 jackals
  8 kobolds
  3 quokkas
  5 ball pythons
  9 bats
  3 frilled lizards
  4 rats
68 creatures vanquished.

Notes
Turn   | Place    | Note
-------+----------+-------------------------------------------
     0 | D:1      | issech the Troll Monk began the quest for the Orb.
     0 | D:1      | Reached XP level 1. HP: 22/22 MP: 0/0
   139 | D:1      | Reached XP level 2. HP: 29/29 MP: 1/1
   221 | D:1      | Reached skill level 3 in Maces & Flails
   595 | D:1      | Reached XP level 3. HP: 32/36 MP: 2/2
   660 | D:1      | Found a faded altar of an unknown god.
   958 | D:2      | Found Kuabiuxt's Antique Weapon Emporium.
  1262 | D:2      | Reached XP level 4. HP: 42/44 MP: 3/3
  1332 | D:2      | Found Nuegoh's Weapon Emporium.
  1613 | D:3      | Noticed an ice beast
  1712 | D:3      | Killed an ice beast
  1713 | D:3      | Reached skill level 4 in Maces & Flails
  1713 | D:3      | Reached XP level 5. HP: 44/53 MP: 4/4
  2276 | D:4      | Identified the +9 dagger of True Grit {elec, rPois Int+4}
  2349 | D:4      | Killed from afar by an orc priest

Illustrated notes

Levels and vault maps discovered:
D:1:      ncdulo_watergridlock, layout_loops_ring,
          hellmonk_ecumenical_altar_heavens_door
D:2:      wad_crossroads, layout_loops_ring, serial_shops,
          nicolae_shop_temple_entry_statues_fountains,
          nicolae_shop_bloodbath_and_beyond
D:3:      cheibrodos_helix_gallery, layout_rooms
D:4:      layout_rooms, lemuel_doored_altar,
          mainiacjoe_overflow_surrounded_room, hangedman_decor_points,
          minmay_misc_feat_four_crosses, minmay_crystal_room, minmay_mini_jars

Skill      XL: |  1  2  3  4 |
---------------+-------------+-----
Maces & Flails | 3 4 |  4.3
Dodging        | 3 |  3.3
Fighting       | 3 |  3.1
Stealth        | |  1.4

Action                   |  1- 3 |  4- 6 || total
-------------------------+-------+-------++-------
Melee: Mace              |   139 |   106 ||   245
       Punch             |     3 |     2 ||     5
Throw: Large rock        |     1 |       ||     1
 Stab: Sleeping          |     5 |     1 ||     6
Armor: Robe              |    51 |    65 ||   116
Dodge: Dodged            |    72 |   102 ||   174
